 Dungeon Crawl Stone Soup version 0.29-a0-25-g7f48f510a0 (webtiles) character file.

Game seed: 14868973107002536208

18 Nattfarinn the Grave Robber (level 2, -1/22 HPs)
             Began as a Deep Dwarf Necromancer on Jan 31, 2022.
             Slain by a worm (8 damage)
             ... on level 1 of the Dungeon.
             The game lasted 00:00:47 (488 turns).

Nattfarinn the Grave Robber (Deep Dwarf Necromancer) Turns: 488, Time: 00:00:48

Health: -1/22      AC:  2    Str: 11    XL:     2   Next: 48%
Magic:  0/5        EV: 12    Int: 15    God:
Gold:   9          SH:  0    Dex: 13    Spells: 4/5 levels left

rFire   . . .      SeeInvis .   b - +0 rapier
rCold   . . .      Faith    .   (no shield)
rNeg    . . .      Spirit   .   a - +0 robe
rPois   .          Reflect  .   (no helmet)
rElec   .          Harm     .   (no cloak)
rCorr   .          Rampage  .   (no gloves)
Will    .....                   (no boots)
Stlth   ++........              (no amulet)
HPRegen 0.00/turn               (no ring)
MPRegen 0.09/turn               (no ring)

@: no status effects
A: damage resistance, heal wounds, sense surroundings 1, no regeneration
a: Heal Wounds


You were on level 1 of the Dungeon.
You visited 1 branch of the dungeon, and saw 1 of its levels.

You collected 9 gold pieces.

Inventory:

Hand Weapons
 b - a +0 rapier (weapon)
Armour
 a - a +0 robe (worn)
Jewellery
 c - a ring of poison resistance
Scrolls
 d - a scroll of noise {unknown}
 e - a scroll of enchant weapon {unknown}
 g - a scroll of immolation {unknown}
Potions
 f - a potion of mutation {unknown}


   Skills:
 - Level 2.1 Dodging
 - Level 2.4 Stealth
 * Level 2.4 Spellcasting
 + Level 4.6 Necromancy


You had 4 spell levels left.
You knew the following spells:

 Your Spells              Type           Power      Damage    Failure   Level
a - Pain                  Necr           60%        1d7       3%          1

Your spell library contained the following spells:

 Spells                   Type           Power      Damage    Failure   Level
 Animate Skeleton         Necr           30%        N/A       3%          1
 Vampiric Draining        Necr           15%        2d7       10%         3
 Animate Dead             Necr           7%         N/A       30%         4
 Agony                    Necr           15%        N/A       65%         5


Dungeon Overview and Level Annotations

Branches:
Dungeon (1/15)

Altars:


Innate Abilities, Weirdness & Mutations

You are resistant to damage.
You can heal yourself by infusing magical energy.
You passively map a small area around you.
You do not regenerate.


Message History

You hit the worm.
You kill the worm!
You puncture the hobgoblin!
You kill the hobgoblin!
You closely miss the goblin. The goblin hits you with a +0 dagger.
The goblin misses you.
You barely miss the goblin. The goblin closely misses you.
You closely miss the goblin. The goblin barely misses you.
You barely miss the goblin. The goblin hits you with a +0 dagger.
You hit the goblin.
You kill the goblin!
Casting: Pain (safe; 3% risk of failure)
Confirm with . or Enter, or press ? or * to list all spells.
Aiming: Pain (safe; 3% risk of failure)
Press: ? - help, Shift-Dir - straight line, f - worm
Aim: a worm (chance to affect: 79%)
The worm writhes in agony.
You are too injured to fight recklessly!
You are too injured to fight recklessly!
You are too injured to fight recklessly!
You are too injured to fight recklessly!
Casting: Pain (safe; 3% risk of failure)
Confirm with . or Enter, or press ? or * to list all spells.
Aiming: Pain (safe; 3% risk of failure)
Press: ? - help, Shift-Dir - straight line, f/p - worm
Aim: a worm (lightly wounded, chance to affect: 79%)
The worm writhes in agony!
Casting: Pain (safe; 3% risk of failure)
Confirm with . or Enter, or press ? or * to list all spells.
Aiming: Pain (safe; 3% risk of failure)
Press: ? - help, Shift-Dir - straight line, f/p - worm
Aim: a worm (heavily wounded, chance to affect: 79%)
The worm writhes in agony.
The worm bites you.
Casting: Pain (safe; 3% risk of failure)
Confirm with . or Enter, or press ? or * to list all spells.
You don't have enough magic to cast this spell.
You barely miss the worm.
The worm is severely wounded.
The worm bites you!
You die...

, *.##.#** * * * * * ,,
.... , , , * ,*# # #..#
**########## #.#.#..#
###........# .##.#.#..#
#(.........#
.........####.†........#
#.....#................#
#.......###............#
#.....#@# #............#
* #.### #w#
###........... , ,...
#........... * ....^
*#........... *
,.......,#..#+######.
*..^......#.## #.
....^>..... * ####.
#..........#. , #.... ,
#....


You could see a worm.

Vanquished Creatures
  A worm (D:1)
  A giant cockroach (D:1)
  2 goblins (D:1)
  3 hobgoblins (D:1)
  3 jackals (D:1)
  A ball python (D:1)
  A frilled lizard (D:1)
  A rat (D:1)
13 creatures vanquished.

Notes
Turn   | Place    | Note
-------+----------+-------------------------------------------
     0 | D:1      | Nattfarinn the Deep Dwarf Necromancer began the quest for
                  | the Orb.
     0 | D:1      | Reached XP level 1. HP: 15/15 MP: 3/3
   140 | D:1      | Found a faded altar of an unknown god.
   301 | D:1      | Reached XP level 2. HP: 14/22 MP: 1/5
   488 | D:1      | Slain by a worm

Illustrated notes

Levels and vault maps discovered:
D:1:      dpeg_cavernosity, layout_basic, hellmonk_ecumenical_altar_dog_temple,
          chequers_big_river, nicolae_wormholes

Skill      XL: |  1 |
---------------+----+-----
Spellcasting   | 2 |  2.4
Dodging        | |  2.1
Stealth        | |  2.4
Necromancy     | |  4.6

Action                   || total
-------------------------++-------
Melee: Rapier            ||    23
 Cast: Pain              ||    20
Armor: Robe              ||     6
Dodge: Dodged            ||    17

Table legend: (Time is in decaauts)
 A = Elapsed time spent in this place.
 B = Non-inter-level travel time spent in this place.
 C = Inter-level travel time spent in this place.
 D = Time resting spent in this place.
 E = Time spent auto-exploring this place.
 F = Levels seen in this place.
 G = Mean time per level.
                   A        B        C        D        E       F      G
               +--------+--------+--------+--------+--------+-----+--------+
         Total |    491 |    471 |     20 |      0 |    389 |   1 |  491.0 |
       Dungeon |    491 |    471 |     20 |      0 |    389 |   1 |  491.0 |
               +--------+--------+--------+--------+--------+-----+--------+

Top non-repeatable levels by time:
     D:1: 491 daAuts
